 Dungeon Crawl Stone Soup version 0.31-a0-1405-g2bb1a01664 (webtiles) character file.

Game seed: 6995051794083146470

28 Loonster the Changeling (level 3, 0/30 HPs)
             Began as a Tengu Shapeshifter on Dec 25, 2023.
             Succumbed to an adder's poison
             ... on level 2 of the Dungeon.
             The game lasted 00:00:44 (272 turns).

Loonster the Changeling (Tengu Shapeshifter)         Turns: 272, Time: 00:00:44

Health: 0/30       AC: 21    Str: 16    XL:     3   Next: 14%
Magic:  4/4        EV:  2    Int: 10    God:
Gold:   32         SH:  0    Dex: 13    Spells: 2/2 levels left

rFire   . .          .
                       - Unarmed
rCold   . . .        (no shield)
rNeg    . . .        a - melded +0 animal skin
rPois   +            (helmet currently unavailable)
rElec   .            (cloak currently unavailable)
rCorr   .            (gloves currently unavailable)
SInv    .            (boots unavailable)
Will    .....        (no amulet)
Stlth   +            (no ring)
HPRegen 0.25/turn    (no ring)
MPRegen 0.09/turn

%: acrobat
@: lethally poisoned (0 -> -1), tree-form, acrobatic
A: stationary, stasis, torment immunity, boosted hp, (beak), (talons 3),
acrobatic
a: no special abilities


You were on level 2 of the Dungeon.
You were a tree.
You visited 1 branch of the dungeon, and saw 2 of its levels.

You collected 32 gold pieces.

Inventory:

Armour
 a - a +0 animal skin (melded)
Talismans
 c - a beast talisman
 d - a flux talisman
Scrolls
 e - a scroll of brand weapon {unknown}
 f - a scroll of amnesia {unknown}


   Skills:
 - Level 1.0 Fighting
 - Level 2.1 Dodging
 - Level 3.2 Unarmed Combat
 + Level 3.6 Shapeshifting


You had 2 spell levels left.
You didn't know any spells.
Your spell library was empty.

Dungeon Overview and Level Annotations

Branches:
Dungeon (2/15)

Altars:


Innate Abilities, Weirdness & Mutations

You are a tree.
Your roots penetrate the ground, keeping you stationary.
You cannot be teleported.
You are immune to unholy pain and torment.
Your maximum health is greatly increased.
Your equipment is partially melded.
((You have a beak for a mouth.))
((You have claws for feet.))
You can magically evade attacks while moving or waiting.


Message History

The adder bites you but does no damage.
You hit the adder.
The adder is severely wounded.
* * * LOW HITPOINT WARNING * * *
You feel sick. The adder closely misses you.
You hit the adder.
You kill the adder!
* * * LOW HITPOINT WARNING * * *
You feel sick.
You have reached level 3!
Your experience leads to an increase in your attributes!
Increase (S)trength, (I)ntelligence, or (D)exterity?
You feel stronger. x2
Okay, then.
Your transformation has ended.
You turn into a tree.
Your +0 animal skin melds into your body.
Your roots penetrate the ground.
* * * LOW HITPOINT WARNING * * *
You feel sick.
Unknown command.
There is a lethal amount of poison in your body!
There is a lethal amount of poison in your body!
Unknown command.
You cannot move.
You cannot move.
You cannot move.
You cannot move.
Unknown command.
Unknown command.
Unknown command.
Unknown command.
You cannot move.
Unknown command.
Unknown command.
* * * LOW HITPOINT WARNING * * *
You feel sick.
* * * LOW HITPOINT WARNING * * *
You feel sick.
You die...

#### ..# ### #.# #..
###.######### #.#
#........=..# #.#
#...........# #.#
#....♣......# ######.#
###.###########....... #.#
##..####.# #.# ##..## #.#
.######.# ##..## #.#
........#### #..## #.#
#######....# ##.########.#
#######....###>..........#
.....[....†...#####.......


There were no monsters in sight!

Vanquished Creatures
  2 adders (D:2)
  2 ball pythons
  2 bats
  3 hobgoblins
  A frilled lizard (D:1)
10 creatures vanquished.

Notes
Turn   | Place    | Note
-------+----------+-------------------------------------------
     0 | D:1      | Loonster the Tengu Shapeshifter began the quest for the
                  | Orb.
     0 | D:1      | Reached XP level 1. HP: 12/12 MP: 2/2
   114 | D:1      | You fall into a shaft and drop 1 floor!
   132 | D:2      | Reached XP level 2. HP: 4/16 MP: 3/3
   269 | D:2      | Reached XP level 3. HP: 2/20 MP: 4/4
   270 | D:2      | HP: 1/30 [poisoned by an adder]
   272 | D:2      | Succumbed to an adder's poison

Illustrated notes

Levels and vault maps discovered:
D:1:      dpeg_arrival_refuge, layout_loops_ring, nicolae_titane
D:2:      layout_basic

Skill      XL: |  1 |
---------------+----+-----
Shapeshifting  | 3 |  3.6
Fighting       | |  1.0
Dodging        | |  2.1
Unarmed Combat | |  3.2

Action                     || total
---------------------------++-------
  Melee: Unarmed           ||    33
         Peck              ||     3
         Punch             ||     2
         Kick              ||     1
    Use: Potion            ||     1
 Armour: Animal skin       ||    16
  Dodge: Dodged            ||    22

Table legend: (Time is in decaauts)
 A = Elapsed time spent in this place.
 B = Non-inter-level travel time spent in this place.
 C = Inter-level travel time spent in this place.
 D = Time resting spent in this place.
 E = Time spent auto-exploring this place.
 F = Levels seen in this place.
 G = Mean time per level.
                   A        B        C        D        E       F      G
               +--------+--------+--------+--------+--------+-----+--------+
         Total |    269 |    269 |      0 |     47 |    144 |   2 |  134.5 |
       Dungeon |    269 |    269 |      0 |     47 |    144 |   2 |  134.5 |
               +--------+--------+--------+--------+--------+-----+--------+

Top non-repeatable levels by time:
     D:2: 156 daAuts
     D:1: 113 daAuts
